 Dungeon Crawl Stone Soup version 0.29.1-1-gd02db6906a (webtiles) character file.

Game seed: 6777000196936700971

22 RascalDebosk the Magician (level 3, -4/26 HPs)
             Began as a Djinni Ice Elementalist on Oct 12, 2022.
             Slain by an iguana (5 damage)
             ... on level 1 of the Dungeon.
             The game lasted 00:05:43 (1124 turns).

RascalDebosk the Magician (Djinni Ice Elementalist) Turns: 1124, Time: 00:05:43

Health: -4/26      AC: 10    Str:  7    XL:     3   Next: 7%
Gold:   44         EV: 12    Int: 18    God:
                   SH:  0    Dex: 13

rFire   + + .      SeeInvis .   g - +2 short sword (protect)
rCold   x . .      Faith    .   (no shield)
rNeg    . . .      Spirit   .   a - +0 robe
rPois   ∞          Reflect  .   i - +0 helmet
rElec   .          Harm     .   (no cloak)
rCorr   .          Rampage  .   (no gloves)
Will    .....                   (boots unavailable)
Stlth   ++........              h - amulet of the acrobat
HPRegen 0.08/turn               (no ring)
MPRegen 0.00/turn               (no ring)

@: under a protective aura, flying
A: sickness immunity, fire resistance 2, cold vulnerability 1, float, innate
caster, HP casting, extra vitality 1
a: no special abilities


You were on level 1 of the Dungeon.
You visited 1 branch of the dungeon, and saw 2 of its levels.

You collected 44 gold pieces.

Inventory:

Hand Weapons
 g - a +2 short sword of protection (weapon)
Armour
 a - a +0 robe (worn)
 i - a +0 helmet (worn)
Jewellery
 h - an amulet of the acrobat (around neck)
Scrolls
 b - a scroll of teleportation {unknown}
 f - a scroll of silence {unknown}
 j - a scroll of amnesia {unknown}
 k - a scroll of identify {unknown}
Potions
 c - a potion of resistance {unknown}
 d - a potion of curing {unknown}
 e - a potion of ambrosia {unknown}


   Skills:
 + Level 0.6 Fighting
 + Level 0.7 Short Blades
 + Level 2.5 Dodging
 + Level 1.9 Stealth
 + Level 3.3 Spellcasting
 + Level 0.6 Evocations


You couldn't memorise any spells.
You knew the following spells:

 Your Spells              Type           Power      Damage    Failure   Level
a - Freeze                Ice            60%        1d8       4%          1
b - Frozen Ramparts       Ice            30%        1d5       12%         3
c - Ozocubu's Armour      Ice            15%        N/A       12%         3
d - Hailstorm             Conj/Ice       15%        3d5       36%         4
e - Apportation           Tloc           30%        N/A       4%          1
Your spell library was empty.

Dungeon Overview and Level Annotations

Branches:
Dungeon (2/15)

Altars:


Innate Abilities, Weirdness & Mutations

You are immune to sickness and miasma.
You are immune to poison.
Your flesh is very heat resistant. (rF++)
You are vulnerable to cold. (rC-)
You float through the air rather than walking.
You learn spells naturally, not from books.
Your magical power is your life essence.
You have superior vitality. (+4 MHP)


Message History

The hobgoblin is severely wounded.
The hobgoblin closely misses you.
You barely miss the hobgoblin.
The hobgoblin is severely wounded.
The hobgoblin hits you but does no damage.
You hit the hobgoblin.
You kill the hobgoblin!
You see here a +0 short sword.
There is a stone staircase leading down here.
Done exploring.
Done exploring.
There is a stone staircase leading down here.
You fly downwards.
The ball python hisses angrily.
Found an Everburning Encyclopedia and a book of Maledictions.
Found a stone staircase leading down.
There is a stone staircase leading up here.
Aiming: Freeze (safe; 4% risk of failure)
Press: ? - help, Q - select action Shift-Dir - straight line, f - you
Okay, then.
Found a scroll labelled RAWKONN VIOK YSCH.
The iguana hisses angrily.
The ball python completely misses you. The ball python misses you.
Aiming: Freeze (safe; 4% risk of failure)
Press: ? - help, Q - select action Shift-Dir - straight line, f - bat
Aim: a bat You freeze the bat.
You kill the bat!
The ball python bites you. The ball python grabs you.
The ball python constricts you. The quokka closely misses you.
Aiming: Freeze (safe; 4% risk of failure)
Press: ? - help, Q - select action Shift-Dir - straight line, f - quokka
Aim: a quokka You freeze the quokka.
The quokka is heavily wounded.
The ball python bites you. The ball python constricts you.
The quokka bites you.
* * * LOW HITPOINT WARNING * * *
The ball python barely misses you. The ball python constricts you.
* * * LOW HITPOINT WARNING * * *
The quokka bites you but does no damage.
Aiming: Freeze (safe; 4% risk of failure)
Press: ? - help, Q - select action Shift-Dir - straight line, f/p - quokka
Aim: a quokka (heavily wounded)
You freeze the quokka.
You kill the quokka!
* * * LOW HITPOINT WARNING * * *
The ball python completely misses you. The ball python constricts you.
You have reached level 3!
Your experience leads to an increase in your attributes!
Increase (s)trength, (i)ntelligence, or (d)exterity?
You feel clever. x2
The power to cast Apportation wells up from within.
Spell assigned to 'e'.
Aiming: Freeze (safe; 4% risk of failure)
Press: ? - help, Q - select action, (/) - cycle Shift-Dir - straight line, f - ball python
Aim: a ball python (constricting you)
You freeze the ball python.
The ball python is moderately wounded.
* * * LOW HITPOINT WARNING * * *
The ball python barely misses you. The ball python constricts you.
The iguana bites you.
* * * LOW HITPOINT WARNING * * *
Aiming: Freeze (safe; 4% risk of failure)
Press: ? - help, Q - select action, (/) - cycle Shift-Dir - straight line, f/p - ball python
Aim: a ball python (moderately wounded, constricting you)
You freeze the ball python.
You kill the ball python!
* * * LOW HITPOINT WARNING * * *
The iguana bites you.
* * * LOW HITPOINT WARNING * * *
The rat bites you but does no damage. The iguana attacks as you move away!
The iguana barely misses you. The iguana attacks as you move away!
The iguana barely misses you.
There is a stone staircase leading up here.
The iguana closely misses you. The rat misses you.
You fly upwards.
There is a stone staircase leading down here.
Aiming: Freeze (safe; 4% risk of failure)
Press: ? - help, Q - select action, (/) - cycle Shift-Dir - straight line, f - rat
Aim: a rat You freeze the rat.
You kill the rat!
* * * LOW HITPOINT WARNING * * *
The iguana closely misses you.
Aiming: Freeze (safe; 4% risk of failure)
Press: ? - help, Q - select action, (/) - cycle Shift-Dir - straight line, f - iguana
Aim: an iguana You freeze the iguana!
The iguana is moderately wounded.
* * * LOW HITPOINT WARNING * * *
The iguana bites you but does no damage.
You barely miss the iguana.
The iguana is moderately wounded.
The iguana barely misses you.
You hit the iguana.
Your weapon exudes an aura of protection.
The iguana is heavily wounded.
The iguana bites you.
You die...

#....#8.8#..........#
###.#
####.#####.#.....####
#.# #........#...##
#.# ####..#.###.##
###.# ##...# #.#
#...# ###.# #.# #.###
#.# #.# #.#
#l###.###########
#.@..###.......##
####.##.........##
###..#.....8..^..##
#..#....8..8..8....
##.####...........#.
#.## ##....<....##.
##.######.......###.
#..#..############.
#.#.)...##.##......


You could see an iguana.

Vanquished Creatures
  2 bats
  A giant cockroach (D:1)
  A goblin (D:1)
  3 hobgoblins (D:1)
  4 jackals (D:1)
  3 quokkas
  2 ball pythons
  2 kobolds (D:1)
  A rat (D:1)
19 creatures vanquished.

Notes
Turn   | Place    | Note
-------+----------+-------------------------------------------
     0 | D:1      | RascalDebosk the Djinni Ice Elementalist began the quest
                  | for the Orb.
     0 | D:1      | RascalDebosk set off with the following spells memorised:
                  | Freeze, Frozen Ramparts, Ozocubu's Armour, Hailstorm.
     0 | D:1      | Reached XP level 1. HP: 15/15 MP: 0/0
   357 | D:1      | Reached XP level 2. HP: 20/21 MP: 0/0
   723 | D:1      | Found a faded altar of an unknown god.
  1114 | D:2      | Reached XP level 3. HP: 11/26 MP: 0/0
  1114 | D:2      | Learned a level 1 spell: Apportation
  1124 | D:1      | Slain by an iguana

Illustrated notes

Levels and vault maps discovered:
D:1:      dreamdust_arrival_beginning_and_end, layout_loops_ring,
          dreamdust_ecumenical_altar_angels_and_demons, corner_web_ring
D:2:      layout_basic, dreamdust_wishing_well

Action                   || total
-------------------------++-------
Melee: Short sword       ||    10
 Cast: Freeze            ||    31
 Stab: Sleeping          ||     1
Armor: Robe              ||    10
Dodge: Dodged            ||    27
